 Dungeon Crawl Stone Soup version 0.26-a0-611-g354ed81502 (webtiles) character file.

Game seed: 18388330747447642831

10957 Tinttamiau the Thaumaturge (level 11, -11/83 HPs)
             Began as a Gnoll Earth Elementalist on Sept 6, 2020.
             Was an Elder of Cheibriados.
             Mangled by a death knight
             ... wielding a +3 battleaxe
              (18 damage)
             ... on level 9 of the Dungeon.
             The game lasted 00:20:29 (9238 turns).

Tinttamiau the Thaumaturge (GnEE)                   Turns: 9238, Time: 00:20:29

Health: -11/83     AC: 15    Str: 20    XL:     11   Next: 70%
Magic:  13/23      EV: 20    Int: 31    God:    Cheibriados [****..]
Gold:   1031       SH:  0    Dex: 26    Spells: 11/26 levels left

rFire    . . .     SeeInvis +   D - +3 dire flail (freeze)
rCold    . . .     Faith    .   (shield currently unavailable)
rNeg     . . .     Spirit   .   G - +1 steam dragon scales
rPois    .         Reflect  .   (no helmet)
rElec    .         Harm     .   A - +0 cloak (curse)
rCorr    +                      E - +2 pair of gloves
MR       .....                  K - +2 pair of boots
Stlth    ++++......             g - amulet of regeneration
HPRegen  0.63/turn              o - ring of see invisible
MPRegen  0.18/turn              l - ring of resist corrosion

@: very slow
A: distributed training, fangs 1, strong nose
a: Bend Time, Temporal Distortion, Slouch, Renounce Religion


You were on level 9 of the Dungeon.
You worshipped Cheibriados.
Cheibriados was greatly pleased with you.
You visited 1 branch of the dungeon, and saw 10 of its levels.
You also visited: Ossuary and Bailey.

You collected 1031 gold pieces.

Inventory:

Hand Weapons
 D - a +3 dire flail of freezing (weapon)
Missiles
 b - 227 stones
 m - 3 javelins
 q - 14 throwing nets
 u - 7 curare-tipped darts (quivered)
Armour
 n - the +1 ring mail of the Bulwark {rN+++ Int+4 SInv}
   (You took it off an orc on level 4 of the Dungeon)

   It affects your intelligence (+4).
   It renders you almost immune to negative energy.
   It lets you see invisible.
 A - a cursed +0 cloak (worn)
 E - a +2 pair of gloves (worn)
 G - +1 steam dragon scales (worn)
 K - a +2 pair of boots (worn)
Jewellery
 g - an amulet of regeneration (around neck)
 l - a ring of resist corrosion (right hand)
 o - a ring of see invisible (left hand)
 r - an uncursed ring of protection from cold
Wands
 t - a wand of polymorph (7)
 z - a wand of enslavement (13)
 J - a wand of paralysis (13)
Scrolls
 c - 2 scrolls of remove curse
 e - 12 scrolls of teleportation
 h - a scroll of magic mapping
 k - 4 scrolls of amnesia
 p - 4 scrolls of fog
 s - 6 scrolls of enchant weapon {unknown}
 y - 4 scrolls of identify
 B - 4 scrolls of fear {unknown}
Potions
 a - 3 potions of curing
 d - 2 potions of flight
 f - a potion of magic
 j - a potion of ambrosia
 C - a potion of might


   Skills:
 + Level 6.5 Fighting
 + Level 6.5 Short Blades
 + Level 6.5 Long Blades
 + Level 6.5 Axes
 + Level 6.5 Maces & Flails
 + Level 6.5 Polearms
 + Level 6.5 Staves
 + Level 6.5 Slings
 + Level 6.5 Bows
 + Level 6.5 Crossbows
 + Level 6.5 Throwing
 + Level 6.5 Armour
 + Level 8.1 Dodging
 + Level 7.8 Stealth
 + Level 6.5 Shields
 + Level 6.5 Unarmed Combat
 + Level 8.3 Spellcasting
 + Level 5.4 Conjurations
 + Level 5.4 Hexes
 + Level 5.4 Summonings
 + Level 5.4 Necromancy
 + Level 5.4 Translocations
 + Level 5.9 Transmutations
 + Level 5.4 Fire Magic
 + Level 5.4 Ice Magic
 + Level 5.4 Air Magic
 + Level 7.8 Earth Magic
 + Level 5.4 Poison Magic
 + Level 7.2 Invocations
 + Level 6.5 Evocations


You had 11 spell levels left.
You knew the following spells:

 Your Spells              Type           Power        Failure   Level
a - Sandblast             Erth           ######       1%          1
b - Stone Arrow           Conj/Erth      ######       1%          3
c - Petrify               Tmut/Erth      ######..     2%          4
d - Passwall              Tmut/Erth      ######..     1%          2
e - Lee's Rapid Deconstr  Erth           ######....   4%          5

Your spell library contained the following spells:

 Spells                   Type           Power        Failure   Level
 Animate Skeleton         Necr           #####.       1%          1
 Corona                   Hex            #####..      1%          1
 Slow                     Hex            #####...     1%          2
 Confusing Touch          Hex            #####...     1%          3
 Gell's Gravitas          Tloc           #####.....   1%          3
 Inner Flame              Hex/Fire       #####...     1%          3
 Portal Projectile        Hex/Tloc       #####.       1%          3
 Leda's Liquefaction      Hex/Erth       ######....   2%          4
 Cause Fear               Hex            #####.....   4%          4
 Yara's Violent Unravell  Hex/Tmut       #####.....   11%         5
 Metabolic Englaciation   Hex/Ice        #####.....   12%         5


Dungeon Overview and Level Annotations

Branches:
Dungeon (10/15)            Temple (0/1) D:7         Ossuary (visited)
 Bailey (visited)
   Lair: D:8-11         Orc: D:9-12

Altars:
Cheibriados
Elyvilon
Fedhas
Gozag
Hepliaklqana
Kikubaaqudgha
Makhleb
Nemelex Xobeh
Okawaru
Qazlal
Ru
Sif Muna
Uskayaw
Vehumet
Wu Jian
Yredelemnul
The Shining One

Shops:
D:6 }


Innate Abilities, Weirdness & Mutations

Your experience applies equally to all skills.
You have very sharp teeth.
Your uncanny sense of smell can sniff out nearby items.


Message History

The now-empty wand crumbles to dust.
You hear a shout!
The death knight hits you with a +3 battleaxe!!
* * * LOW HITPOINT WARNING * * *
You feel much better.
The death knight hits you with a +3 battleaxe!!
You puncture the death knight! You freeze the death knight!
The death knight is heavily wounded.
The death knight hits you with a +3 battleaxe!!
* * * LOW HITPOINT WARNING * * *
Okay, then.
Okay, then.
Unknown command.
Okay, then.
Okay, then.
As you read the scroll labeled ZADGHU VIERI, it crumbles to dust.
The creatures around you are filled with an inner flame!
It was a scroll of immolation.
A nearby fungus withers and dies.
The death knight hits you with a +3 battleaxe!!
You die...

#.# #.## #... ####.###
#..# #...
###......####.###...
##....P....P##...#...
####..P.P.P.P...###.#...
#......P...P...P# #.....
#..P........P.P......<#.
#.......####..PP..###...
#......@# #P.....# ###.
#......p#∆ #......# #.
#.......##+#..P..# ##
###...P.......P..#######
##..[.P...P..P........
#.....P......######..
##P..........#####...
#...............#....
#....................


You could see a death knight (inner flame, corroded).

Vanquished Creatures
  Harold (D:9)
  A hydra (D:9)
  Pikel (D:7)
  A cyclops (D:10)
  Maurice (D:8)
  Joseph (D:8)
  Maggie (D:6)
  A freezing wraith (D:9)
  Grinder (D:3)
  A troll (D:9)
  Prince Ribbit (D:8)
  4 hippogriffs
  2 wraiths (D:9)
  6 yaks (D:9)
  An ice beast (D:5)
  A porcupine (D:9)
  2 necrophages
  A sky beast (D:9)
  3 orc warriors
  A black bear (D:9)
  2 phantoms
  An ogre (D:10)
  2 centaurs
  3 crocodiles
  A lemure (D:7)
  A big kobold (D:8)
  4 bullfrogs
  A wyvern zombie (D:9)
  8 gnoll sergeants (Bailey)
  2 wyvern skeletons (D:8)
  2 scorpions
  5 killer bees (D:10)
  9 wights
  6 howler monkeys
  A centaur zombie (Ossuary)
  A quasit (D:8)
  A centaur skeleton (D:5)
  6 hounds
  2 jellies
  6 gnoll shamans (Bailey)
  6 orc priests
  A bullfrog skeleton (D:10)
  2 iguanas
  9 orc wizards
  9 worker ants
  4 big kobold zombies (Ossuary)
  3 hound skeletons
  4 mummies
  A worker ant zombie (D:9)
  17 gnolls
  7 adders
  2 shadow imps
  3 white imps
  An ufetubus (D:7)
  3 worms
  A dart slug (D:1)
  9 leopard geckos
  25 orcs
  5 giant cockroaches
  12 goblins
  4 hobgoblins
  3 jackals (D:9)
  5 kobolds
  3 quokkas
  A ball python (D:6)
  8 bats
  4 frilled lizards
  5 goblin zombies (Ossuary)
  4 orc zombies (Ossuary)
  2 quokka skeletons (D:5)
  5 rats
264 creatures vanquished.

Vanquished Creatures (others)
  An orc wizard (D:5)
  11 fungi (D:9)
  5 plants (D:9)
17 creatures vanquished.

Grand Total: 281 creatures vanquished

Notes
Turn   | Place    | Note
-------+----------+-------------------------------------------
     0 | D:1      | Tinttamiau the Gnoll Earth Elementalist began the quest for
                  | the Orb.
     0 | D:1      | Reached XP level 1. HP: 13/13 MP: 6/6
   130 | D:1      | Reached XP level 2. HP: 19/19 MP: 5/7
   462 | D:2      | Reached skill level 5 in Spellcasting
   462 | D:2      | Reached XP level 3. HP: 16/25 MP: 5/9
   466 | D:2      | Learned a level 2 spell: Passwall
   470 | D:2      | Learned a level 3 spell: Stone Arrow
   567 | D:2      | Reached skill level 1 in Invocations
   738 | D:2      | Reached skill level 1 in Fighting
   738 | D:2      | Reached skill level 1 in Short Blades
   738 | D:2      | Reached skill level 1 in Long Blades
   738 | D:2      | Reached skill level 1 in Axes
   738 | D:2      | Reached skill level 1 in Maces & Flails
   738 | D:2      | Reached skill level 1 in Polearms
   738 | D:2      | Reached skill level 1 in Staves
   738 | D:2      | Reached skill level 1 in Slings
   738 | D:2      | Reached skill level 1 in Bows
   738 | D:2      | Reached skill level 1 in Crossbows
   738 | D:2      | Reached skill level 1 in Throwing
   738 | D:2      | Reached skill level 1 in Armour
   738 | D:2      | Reached skill level 1 in Shields
   738 | D:2      | Reached skill level 1 in Unarmed Combat
   738 | D:2      | Reached skill level 1 in Evocations
   813 | D:2      | Reached XP level 4. HP: 32/32 MP: 11/11
   822 | D:2      | Learned a level 4 spell: Petrify
   905 | D:2      | Found a blossoming altar of Fedhas.
  1147 | D:3      | Found an opulent altar of Gozag.
  1330 | D:3      | Reached skill level 1 in Conjurations
  1330 | D:3      | Reached skill level 1 in Hexes
  1330 | D:3      | Reached skill level 1 in Summonings
  1330 | D:3      | Reached skill level 1 in Necromancy
  1330 | D:3      | Reached skill level 1 in Translocations
  1330 | D:3      | Reached skill level 1 in Fire Magic
  1330 | D:3      | Reached skill level 1 in Ice Magic
  1330 | D:3      | Reached skill level 1 in Air Magic
  1330 | D:3      | Reached skill level 1 in Poison Magic
  1337 | D:3      | Reached XP level 5. HP: 15/37 MP: 8/12
  1339 | D:3      | Noticed Grinder
  1507 | D:3      | Paralysed by Grinder for 5 turns
  1516 | D:3      | Killed Grinder
  1516 | D:3      | Reached skill level 5 in Dodging
  1516 | D:3      | Reached XP level 6. HP: 34/44 MP: 2/14
  1641 | D:3      | Found an ancient bone altar of Kikubaaqudgha.
  1641 | D:3      | Found a shimmering blue altar of Sif Muna.
  1643 | D:3      | Found a radiant altar of Vehumet.
  1645 | D:3      | Identified Kikubaaqudgha's Compendium of Dark Rites
  1778 | D:3      | Learned a level 5 spell: Lee's Rapid Deconstruction
  2097 | D:4      | Reached XP level 7. HP: 43/50 MP: 3/15
  2406 | D:4      | Identified the cursed +1 ring mail of the Bulwark {rN+++
                  | Int+4 SInv}
  2547 | D:4      | Found a burning altar of Makhleb.
  2692 | D:5      | Entered Level 5 of the Dungeon
  2776 | D:5      | Reached skill level 5 in Stealth
  3116 | D:5      | Found a stormy altar of Qazlal.
  3176 | D:5      | Reached XP level 8. HP: 51/57 MP: 16/16
  4211 | D:6      | Found a snail-covered altar of Cheibriados.
  4227 | D:6      | Became a worshipper of Cheibriados the Contemplative
  4293 | D:6      | Found Widgh's Gadget Shoppe.
  4432 | D:6      | Noticed Maggie
  4454 | D:6      | Killed Maggie
  4454 | D:6      | Reached XP level 9. HP: 45/64 MP: 11/18
  5043 | D:7      | Noticed Pikel
  5051 | D:7      | Killed Pikel
  5250 | D:7      | Reached * piety under Cheibriados
  5324 | D:7      | Found a sand-covered staircase.
  5338 | Ossuary  | Entered an ossuary
  5450 | Ossuary  | Reached skill level 5 in Invocations
  5769 | D:7      | Found a staircase to the Ecumenical Temple.
  6030 | D:8      | Noticed Maurice
  6039 | D:8      | Reached ** piety under Cheibriados
  6043 | D:8      | Killed Maurice
  6043 | D:8      | Reached XP level 10. HP: 73/73 MP: 8/20
  6120 | D:8      | Noticed Prince Ribbit
  6131 | D:8      | Killed Prince Ribbit
  6256 | D:8      | Reached skill level 5 in Fighting
  6256 | D:8      | Reached skill level 5 in Short Blades
  6256 | D:8      | Reached skill level 5 in Long Blades
  6256 | D:8      | Reached skill level 5 in Axes
  6256 | D:8      | Reached skill level 5 in Maces & Flails
  6256 | D:8      | Reached skill level 5 in Polearms
  6256 | D:8      | Reached skill level 5 in Staves
  6256 | D:8      | Reached skill level 5 in Slings
  6256 | D:8      | Reached skill level 5 in Bows
  6256 | D:8      | Reached skill level 5 in Crossbows
  6256 | D:8      | Reached skill level 5 in Throwing
  6256 | D:8      | Reached skill level 5 in Armour
  6256 | D:8      | Reached skill level 5 in Shields
  6256 | D:8      | Reached skill level 5 in Unarmed Combat
  6256 | D:8      | Reached skill level 5 in Evocations
  7033 | D:8      | Noticed Joseph
  7043 | D:8      | Killed Joseph
  7179 | D:9      | Reached skill level 5 in Transmutations
  7236 | D:9      | Noticed a four-headed hydra
  7257 | D:9      | Killed a four-headed hydra
  7456 | D:9      | Noticed a death knight
  7490 | D:9      | Noticed Harold
  7528 | D:10     | Entered Level 10 of the Dungeon
  7594 | D:10     | Reached *** piety under Cheibriados
  7673 | D:10     | Reached XP level 11. HP: 38/81 MP: 2/22
  7712 | D:10     | Found a flagged portal.
  7735 | Bailey   | Entered a bailey
  7854 | Bailey   | Identified the +2 robe "Heaggun" {Rampage rF+ rN+ Dex+4}
  7867 | Bailey   | Reached skill level 5 in Conjurations
  7867 | Bailey   | Reached skill level 5 in Hexes
  7867 | Bailey   | Reached skill level 5 in Summonings
  7867 | Bailey   | Reached skill level 5 in Necromancy
  7867 | Bailey   | Reached skill level 5 in Translocations
  7867 | Bailey   | Reached skill level 5 in Fire Magic
  7867 | Bailey   | Reached skill level 5 in Ice Magic
  7867 | Bailey   | Reached skill level 5 in Air Magic
  7867 | Bailey   | Reached skill level 5 in Poison Magic
  7868 | Bailey   | Reached **** piety under Cheibriados
  8519 | D:10     | Found a white marble altar of Elyvilon.
  8648 | D:10     | Noticed a cyclops
  8662 | D:10     | Killed a cyclops
  8907 | D:9      | Found a sacrificial altar of Ru.
  8961 | D:9      | Found a hide-covered altar of Uskayaw.
  8971 | D:9      | Found an ornate altar of the Wu Jian Council.
  9016 | D:9      | Found a sparkling altar of Nemelex Xobeh.
  9028 | D:9      | Found an iron altar of Okawaru.
  9031 | D:9      | Found a hazy altar of Hepliaklqana.
  9032 | D:9      | Found a glowing golden altar of the Shining One.
  9033 | D:9      | Found a basalt altar of Yredelemnul.
  9084 | D:9      | Killed Harold
  9136 | D:9      | Reached ***** piety under Cheibriados
  9238 | D:9      | Mangled by a death knight

Illustrated notes

Levels and vault maps discovered:
D:1:      dpeg_arrival_pond, layout_rooms
D:2:      layout_basic, fedhas_altar_4, st_stairs_3, minivault_26,
          grunt_ministairs_14
D:3:      layout_rooms, grunt_temple_overflow_magic_moments,
          grunt_gozag_statues, uniq_grinder
D:4:      layout_basic, bloody_makhleb
D:5:      layout_basic, nicolae_qazlal_general_emergency
D:6:      layout_loops_corners, slow_altar_1, serial_shops,
          kennysheep_mini_moat, chequers_avenue, uniq_maggie
D:7:      layout_loops_ring, minmay_temple_entry_hall,
          gup_ossuary_entry_pyramid, serial_glass, glass_columns_b,
          glass_columns_a, uniq_pikel
D:8:      layout_loops_ring, uniq_maurice, uniq_prince_ribbit1, uniq_joseph
D:9:      layout_rooms, minitemple, grunt_lair_entry_orc_guard_hut,
          nicolae_ru_awakened_eye, uniq_harold
D:10:     layout_roguey, enter_bailey_3, elyvilon_altar_3

Skill      XL: |  1  2  3  4  5  6  7  8  9 10 11 |
---------------+----------------------------------+-----
Transmutations | 2 3 4 5 |  5.9
Spellcasting   | 5 6 7 8 |  8.3
Invocations    | 1 2 3 4 5 6 7 |  7.2
Fighting       | 1 2 3 4 5 6 |  6.5
Short Blades   | 1 2 3 4 5 6 |  6.5
Long Blades    | 1 2 3 4 5 6 |  6.5
Axes           | 1 2 3 4 5 6 |  6.5
Maces & Flails | 1 2 3 4 5 6 |  6.5
Polearms       | 1 2 3 4 5 6 |  6.5
Staves         | 1 2 3 4 5 6 |  6.5
Slings         | 1 2 3 4 5 6 |  6.5
Bows           | 1 2 3 4 5 6 |  6.5
Crossbows      | 1 2 3 4 5 6 |  6.5
Throwing       | 1 2 3 4 5 6 |  6.5
Armour         | 1 2 3 4 5 6 |  6.5
Shields        | 1 2 3 4 5 6 |  6.5
Unarmed Combat | 1 2 3 4 5 6 |  6.5
Evocations     | 1 2 3 4 5 6 |  6.5
Conjurations   | 1 2 3 4 5 |  5.4
Hexes          | 1 2 3 4 5 |  5.4
Summonings     | 1 2 3 4 5 |  5.4
Necromancy     | 1 2 3 4 5 |  5.4
Translocations | 1 2 3 4 5 |  5.4
Fire Magic     | 1 2 3 4 5 |  5.4
Ice Magic      | 1 2 3 4 5 |  5.4
Air Magic      | 1 2 3 4 5 |  5.4
Poison Magic   | 1 2 3 4 5 |  5.4
Dodging        | 5 6 7 8 |  8.1
Stealth        | 5 6 7 |  7.8
Earth Magic    | 6 7 |  7.8

Action                   |  1- 3 |  4- 6 |  7- 9 | 10-12 || total
-------------------------+-------+-------+-------+-------++-------
Melee: Spear             |    28 |    94 |    42 |       ||   164
       Unarmed           |     6 |       |       |       ||     6
       Bite              |     1 |     6 |    38 |    51 ||    96
       Hand axe          |       |       |   159 |       ||   159
       Punch             |       |       |     2 |       ||     2
       Dire flail        |       |       |    93 |   295 ||   388
       Morningstar       |       |       |    31 |       ||    31
Throw: Dart              |       |     1 |     3 |     4 ||     8
       Javelin           |       |       |     3 |     4 ||     7
       Stone             |       |       |       |     1 ||     1
 Cast: Sandblast         |    23 |    21 |    12 |       ||    56
       Stone Arrow       |       |     8 |    49 |    45 ||   102
       Petrify           |       |     1 |     1 |    17 ||    19
       Lee's Rapid Decon |       |       |     4 |    11 ||    15
       Passwall          |       |       |     1 |       ||     1
Invok: Slouch            |       |       |       |     1 ||     1
Evoke: Wand              |       |       |     3 |     5 ||     8
  Use: Scroll            |       |     8 |     7 |     3 ||    18
       Potion            |       |     3 |     3 |     3 ||     9
 Stab: Sleeping          |     2 |     4 |     4 |     1 ||    11
       Petrified         |       |       |     9 |    26 ||    35
       Petrifying        |       |       |     1 |     3 ||     4
Armor: Robe              |     4 |    14 |     2 |       ||    20
       Ring mail         |       |       |    38 |       ||    38
       Steam dragon scal |       |       |    36 |   111 ||   147
Dodge: Dodged            |    24 |    97 |   273 |   440 ||   834

Table legend: (Time is in decaauts)
 A = Elapsed time spent in this place.
 B = Non-inter-level travel time spent in this place.
 C = Inter-level travel time spent in this place.
 D = Time resting spent in this place.
 E = Time spent auto-exploring this place.
 F = Levels seen in this place.
 G = Mean time per level.
                   A        B        C        D        E       F      G
               +--------+--------+--------+--------+--------+-----+--------+
         Total |  10681 |  10407 |    274 |    546 |   7494 |  12 |  890.1 |
       Dungeon |   9686 |   9412 |    274 |    446 |   6915 |  10 |  968.6 |
       Ossuary |    244 |    244 |      0 |      0 |    124 |   1 |  244.0 |
        Bailey |    751 |    751 |      0 |    100 |    455 |   1 |  751.0 |
               +--------+--------+--------+--------+--------+-----+--------+

Top non-repeatable levels by time:
     D:8: 1378 daAuts
     D:6: 1286 daAuts
     D:7: 1160 daAuts
     D:5: 1103 daAuts
    D:10: 1091 daAuts
     D:9: 983 daAuts
     D:2: 836 daAuts
  Bailey: 751 daAuts
     D:4: 717 daAuts
     D:3: 675 daAuts
     D:1: 454 daAuts
 Ossuary: 244 daAuts
